 Dungeon Crawl Stone Soup version 0.21-a0-329-g12f17e1 (webtiles) character file.

1241 KristoblXynda the Shield-Bearer (level 8, -9/63 HPs)
             Began as a Pale Draconian Fighter on Oct 1, 2017.
             Was a Believer of Cheibriados.
             Mangled by a two-headed ogre
             ... wielding a +0 giant spiked club
              (25 damage)
             ... on level 6 of the Dungeon.
             The game lasted 00:09:06 (5477 turns).

KristoblXynda the Shield-Bearer (DrFi)              Turns: 5477, Time: 00:09:07

Health: -9/63      AC:  9    Str: 23    XL:     8   Next: 25%
Magic:  11/11      EV: 12    Int: 15    God:    Cheibriados [**....]
Gold:   269        SH: 12    Dex: 14    Spells: 7/7 levels left

rFire    . . .     SeeInvis .   A - +2 flail (holy)
rCold    . . .     Gourm    .   b - +1 shield
rNeg     . . .     Faith    .   (armour unavailable)
rPois    .         Spirit   .   (helmet restricted)
rElec    .         Reflect  .   y - +0 cloak
rCorr    .         Harm     .   u - +0 pair of gloves
MR       +....                  m - +0 pair of boots
Stlth    ++........             (no amulet)
HPRegen  0.20/turn              c - ring of protection from magic
MPRegen  0.12/turn              e - ring of stealth

@: short of breath, very slow
A: breathe steam, unfitting armour, cold-blooded, AC +6
a: Breathe Steam, Bend Time, Renounce Religion


You were on level 6 of the Dungeon.
You worshipped Cheibriados.
Cheibriados was pleased with you.
You were not hungry.

You visited 1 branch of the dungeon, and saw 6 of its levels.

You collected 269 gold pieces.

Inventory:

Hand Weapons
 a - a +0 war axe
 i - a +0 hand axe
 A - a +2 flail of holy wrath (weapon)
Armour
 b - a +1 shield (worn)
 m - a +0 pair of boots (worn)
 u - a +0 pair of gloves (worn)
 y - a +0 cloak (worn)
Jewellery
 c - a ring of protection from magic (left hand)
 e - a ring of stealth (right hand)
 n - an uncursed ring of protection from magic
Wands
 f - a wand of flame (13/48)
 l - a wand of polymorph (14/24)
Scrolls
 g - 2 scrolls of remove curse
 h - 2 scrolls of enchant armour
 o - 4 scrolls of teleportation
 q - a scroll of recharging
Potions
 j - a potion of resistance {unknown}
 k - 2 potions of brilliance {unknown}
 p - 2 potions of heal wounds
 v - 2 potions of mutation {unknown}
 x - a potion of haste {unknown}
 z - 2 potions of curing {unknown}
Books
 w - a book of Misfortune

   Spells                             Type                      Level
   a - Confusing Touch                Hexes                        1
   b - Confuse                        Hexes                        3
   c - Gell's Gravitas                Translocation                3
   d - Petrify                        Transmutation/Earth          4
   e - Metabolic Englaciation         Hexes/Ice                    5
   f - Yara's Violent Unravelling     Hexes/Transmutation          5
Comestibles
 d - 4 bread rations
 r - 3 meat rations
 s - 7 fruits
 t - 2 royal jellies


   Skills:
 - Level 3.2 Fighting
 + Level 6.0 Axes
 - Level 4.0 Dodging
 - Level 0.5 Stealth
 + Level 6.4 Shields
 + Level 4.8 Invocations


You had 7 spell levels left.
You didn't know any spells.

Dungeon Overview and Level Annotations

Branches:
Dungeon (6/15)             Temple (0/1) D:4

Altars:
Cheibriados
Dithmenos
Elyvilon
Fedhas
Gozag
Makhleb
Xom
Yredelemnul

Shops:
D:5 %


Innate Abilities, Weirdness & Mutations

You can breathe blasts of scalding, opaque steam.
Your pale cyan-grey scales are hard. (AC +6)
You cannot fit into any form of body armour.
You are cold-blooded and may be slowed by cold attacks.


Message History

You barely miss the two-headed ogre.
The two-headed ogre is heavily wounded.
The two-headed ogre closely misses you. x2
You sock the two-headed ogre! You tail-slap the two-headed ogre.
The two-headed ogre is severely wounded.
The two-headed ogre hits you with a giant spiked club.
The two-headed ogre hits you with a giant club.
You hit the two-headed ogre.
The two-headed ogre is almost dead.
The two-headed ogre hits you with a giant spiked club!
The two-headed ogre barely misses you.
You hit the two-headed ogre but do no damage.
The two-headed ogre is almost dead.
You block the two-headed ogre's attack. The two-headed ogre barely misses you.
You hit the two-headed ogre.
The two-headed ogre is almost dead.
The two-headed ogre hits you with a giant spiked club!!
* * * LOW HITPOINT WARNING * * *
The two-headed ogre hits you with a giant club!!
You die...

... ### ....
###########.. .....
#............ .....#
#.########.## ......####
#....###...#
..c......######......###
.....o..)†......#......#
......##O#############...
...o. #@# ###. .... #..#
.


.oO ##... .. ##.# o .# .. . #. # # ## .... ... You could see a two-headed ogre.

Vanquished Creatures
  Edmund (D:6)
  An ice beast (D:5)
  2 ogres
  A centaur (D:5)
  A water moccasin zombie (D:5)
  2 scorpions (D:5)
  A bullfrog zombie (D:5)
  A crimson imp (D:6)
  3 jellies (D:6)
  A bullfrog skeleton (D:3)
  A centaur skeleton (D:6)
  An orc priest (D:6)
  Crazy Yiuf (D:4)
  A hound (D:6)
  3 worker ants
  An iguana (D:5)
  2 orc wizards (D:3)
  A worker ant zombie (D:5)
  Robin (D:4)
  9 adders
  A howler monkey skeleton (D:5)
  2 worms
  A dart slug (D:2)
  4 leopard geckos
  6 orcs
  12 goblins
  5 hobgoblins
  5 jackals
  3 kobolds
  3 quokkas
  A ball python (D:3)
  A ball python zombie (D:6)
  4 bats
  9 frilled lizards
  5 rats
  A butterfly (D:4)
  A fungus (D:4)
99 creatures vanquished.

Notes
Turn   | Place    | Note
-------+----------+-------------------------------------------
     0 | D:1      | KristoblXynda the Draconian Fighter began the quest for the Orb.
     0 | D:1      | Reached XP level 1. HP: 19/19 MP: 1/1
   438 | D:1      | Reached XP level 2. HP: 26/26 MP: 2/2
  1124 | D:2      | Reached XP level 3. HP: 29/31 MP: 3/3
  1827 | D:3      | Noticed an ogre
  1854 | D:3      | Reached XP level 4. HP: 12/38 MP: 4/4
  1865 | D:3      | Killed an ogre
  1865 | D:3      | Reached XP level 5. HP: 16/45 MP: 5/5
  2243 | D:3      | Found a snail-covered altar of Cheibriados.
  2259 | D:3      | Became a worshipper of Cheibriados the Contemplative
  2442 | D:4      | Reached XP level 6. HP: 40/51 MP: 6/6
  2728 | D:4      | Found a staircase to the Ecumenical Temple.
  2984 | D:4      | Found a runed door.
  3095 | D:4      | Noticed Robin
  3111 | D:4      | Killed Robin
  3114 | D:4      | Reached skill level 1 in Invocations
  3115 | D:4      | Reached * piety under Cheibriados
  3393 | D:4      | Noticed Crazy Yiuf
  3402 | D:4      | Killed Crazy Yiuf
  3462 | D:5      | Entered Level 5 of the Dungeon
  3812 | D:5      | Reached skill level 5 in Shields
  3814 | D:5      | Found a blossoming altar of Fedhas.
  3817 | D:5      | Found a basalt altar of Yredelemnul.
  3818 | D:5      | Found a white marble altar of Elyvilon.
  3818 | D:5      | Found a shadowy altar of Dithmenos.
  3900 | D:5      | Your scales start taking on a pale cyan-grey colour.
  3900 | D:5      | Reached XP level 7. HP: 50/57 MP: 8/8
  3937 | D:5      | Found a burning altar of Makhleb.
  3988 | D:5      | Found an opulent altar of Gozag.
  4498 | D:5      | Found Ladial's Food Emporium.
  4516 | D:5      | Reached skill level 5 in Axes
  4690 | D:5      | Found a shimmering altar of Xom.
  5199 | D:6      | Reached XP level 8. HP: 52/63 MP: 11/11
  5202 | D:6      | Noticed Edmund
  5233 | D:6      | Killed Edmund
  5459 | D:6      | Reached ** piety under Cheibriados
  5461 | D:6      | Noticed a two-headed ogre
  5477 | D:6      | Mangled by a two-headed ogre

Vault maps used:
D:1:      dpeg_arrival_shrine
D:3:      cheibriados_altar_1
D:4:      minmay_temple_entry_butterflies, first_bread,
          guppyfry_early_lair_pool, uniq_crazy_yiuf_cottage, uniq_robin
D:5:      lemuel_crystal_altar, marbit_many_paths, grunt_temple_overflow_open,
          serial_shops, shop, grunt_gozag_statues
D:6:      corexii_checkpoint_a, uniq_edmund

Skill      XL: |  1  2  3  4  5  6  7  8 |
---------------+-------------------------+-----
Dodging        | 3 4 |  4.0
Axes           | 3 4 5 6 |  6.0
Shields        | 4 5 6 |  6.4
Invocations    | 2 4 |  4.8
Fighting       | |  3.2
Stealth        | |  0.5

Action                   |  1- 3 |  4- 6 |  7- 9 || total
-------------------------+-------+-------+-------++-------
Melee: War axe           |    23 |       |       ||    23
       Tailslap          |    13 |    33 |    32 ||    78
       Hand axe          |   103 |   206 |   133 ||   442
       Flail             |       |       |    20 ||    20
 Abil: Breathe Steam     |       |       |     5 ||     5
  Use: Potion            |     3 |       |       ||     3
       Scroll            |       |     8 |       ||     8
 Stab: Sleeping          |       |     2 |     5 ||     7
  Eat: Chunk             |     3 |     3 |     1 ||     7
       Fruit             |       |     6 |       ||     6
Armor: Skin              |    38 |    49 |    30 ||   117
Dodge: Dodged            |    60 |    68 |    72 ||   200
Block: Shield            |    61 |    89 |    83 ||   233

Table legend:
 A = Spawn XP
 B = Non-spawn XP
 C = Spawn XP percentage of total XP
 D = Spawn monster count
 E = Non-spawn monster count
 F = Spawn count percentage of total count
 G = Total turns spent on level
                    A         B        C        D         E        F      G
               +---------+---------+-------+---------+---------+-------+---------
         Total |       0 |    1774 |   0.0 |       0 |      97 |   0.0 |  5477
               +---------+---------+-------+---------+---------+-------+---------
           D:1 |       0 |      14 |   0.0 |       0 |      10 |   0.0 |   645
           D:2 |       0 |      51 |   0.0 |       0 |      13 |   0.0 |  1024
           D:3 |       0 |     283 |   0.0 |       0 |      24 |   0.0 |   749
           D:4 |       0 |     152 |   0.0 |       0 |      16 |   0.0 |  1044
           D:5 |       0 |     785 |   0.0 |       0 |      18 |   0.0 |  1663
           D:6 |       0 |     489 |   0.0 |       0 |      16 |   0.0 |   352
               +---------+---------+-------+---------+---------+-------+---------
